 Dungeon Crawl Stone Soup version 0.29.1-15-g9cfb28693d (webtiles) character file.

Game seed: 16453107162720093543

458 Smoke131 the Firebug (level 6, -1/67 HPs)
             Began as a Draconian Fire Elementalist on Feb 26, 2023.
             Slain by a mummy (3 damage)
             ... in an ossuary.
             The game lasted 00:08:40 (3331 turns).

Smoke131 the Firebug (Draconian Fire Elementalist)  Turns: 3331, Time: 00:08:41

Health: -1/67      AC:  6    Str: 10    XL:     6   Next: 77%
Magic:  2/11       EV: 12    Int: 18    God:
Gold:   63         SH:  0    Dex: 11    Spells: 6/12 levels left

rFire   + . .      SeeInvis +   i - staff of fire
rCold   . . .      Faith    .   (no shield)
rNeg    . . .      Spirit   .   (body armour unavailable)
rPois   .          Reflect  .   (helmet restricted)
rElec   .          Harm     .   (no cloak)
rCorr   .          Rampage  .   (no gloves)
Will    .....                   (no boots)
Stlth   ..........              (no amulet)
HPRegen 0.21/turn               k - ring of see invisible
MPRegen 0.12/turn               (no ring)

@: berserking, weak-willed, very quick
A: AC +6, unfitting armour, cold-blooded
a: no special abilities


You were in an ossuary.
You visited 1 branch of the dungeon, and saw 4 of its levels.
You also visited: Ossuary.

You collected 63 gold pieces.

Inventory:

Armour
 c - a +1 pair of boots
Magical Staves
 i - a staff of fire (weapon)
Jewellery
 k - a ring of see invisible (left hand)
Scrolls
 r - a scroll of identify
Potions
 e - a potion of degeneration {unknown}
 f - a potion of ambrosia {unknown}
 g - 3 potions of mutation
 h - 3 potions of flight
 j - a potion of cancellation {unknown}
 l - a potion of might {unknown}
 p - 3 potions of curing {unknown}


   Skills:
 + Level 3.5 Dodging
 - Level 1.7 Stealth
 + Level 3.7 Spellcasting
 + Level 3.5 Conjurations
 + Level 4.6 Fire Magic


You had 6 spell levels left.
You knew the following spells:

 Your Spells              Type           Power      Damage    Failure   Level
a - Foxfire               Conj/Fire      100%       2x1d9     2%          1
b - Scorch                Fire           60%        2d8       3%          2
c - Conjure Flame         Conj/Fire      27%        6-21      9%          3

Your spell library contained the following spells:

 Spells                   Type           Power      Damage    Failure   Level
 Summon Small Mammal      Summ           12%        N/A       16%         1
 Inner Flame              Hex/Fire       17%        N/A       17%         3
 Flame Wave               Conj/Fire      27%        2d9       28%         4
 Call Canine Familiar     Summ           3%         N/A       41%         3
 Summon Guardian Golem    Hex/Summ       3%         N/A       41%         3
 Blade Hands              Tmut           1%         N/A       99%         5
 Iron Shot                Conj/Erth      4%         9d2       100%        6
 Animate Armour           Summ/Erth      Unusable   N/A       N/A         4

Dungeon Overview and Level Annotations

Branches:
Dungeon (4/15)            Ossuary (1/1)
 Temple: D:4-7

Altars:
Sif Muna
Xom


Innate Abilities, Weirdness & Mutations

Your plain brown scales are hard. (AC +6)
You cannot fit into any form of body armour.
You are cold-blooded and may be slowed by cold attacks.


Message History

* * * LOW HITPOINT WARNING * * *
The centaur zombie closely misses you. The hornet zombie closely misses you.
The bog mummy gestures at you while chanting.
The puff of frost misses you.
As you read the scroll labelled ESEGEE ANEPEVE, it crumbles to dust.
It is a scroll of enchant armour.
Your +0 pair of boots glows green for a moment.
The centaur zombie hits you.
* * * LOW HITPOINT WARNING * * *
The centaur zombie kicks you but does no damage.
The hornet zombie closely misses you.
As you read the scroll labelled INEAPI BALEM, it crumbles to dust.
It is a scroll of brand weapon.
You aren't carrying any weapons that can be branded.
The centaur zombie closely misses you. The centaur zombie barely misses you.
The hornet zombie hits you.
* * * LOW HITPOINT WARNING * * *
The bog mummy barely misses you.
As you read the scroll labelled RUSTEOLELO, it crumbles to dust.
Magic quickly surges around you.
It was a scroll of vulnerability.
The centaur zombie hits you but does no damage.
The centaur zombie misses you.
The hornet zombie hits you but does no damage. x2
As you read the scroll labelled WEANEAC VAVVY, it crumbles to dust.
You hear a loud clanging noise!
It was a scroll of noise.
The bog mummy closely misses you. The hornet zombie closely misses you.
As you read the scroll labelled HONICEA UNLOIR, it crumbles to dust.
It is a scroll of enchant weapon.
You aren't carrying any weapons that can be enchanted.
A bullfrog zombie comes into view.
The hornet zombie closely misses you.
The bog mummy gestures at you while chanting.
The puff of frost misses you.
It was a potion of berserk rage.
A red film seems to cover your vision as you go berserk!
You feel yourself moving faster!
You feel mighty! The hornet zombie hits you.
* * * LOW HITPOINT WARNING * * *
The mummy hits you.
You die...

# #####
+~#ZM.#
~~
#~ZZM@#
~.~
+~#MZ.#
#M. #
#####
#.## 'M~
#####Z###
#∩MM#.'.#
#M∩.ZM###
#...#.'.#
#####.###


You could see a mummy (weak-willed), 2 bog mummies, a water moccasin zombie
(weak-willed), a bullfrog zombie, a hornet zombie (weak-willed) and a centaur
zombie (weak-willed).

Vanquished Creatures
  Sigmund (D:2)
  A black bear (D:4)
  Jessica (D:3)
  4 mummies (Ossuary)
  3 gnolls
  4 adders
  2 dart slugs
  2 orcs (D:3)
  8 endoplasms
  5 giant cockroaches
  5 goblins
  7 hobgoblins
  2 quokkas
  5 ball pythons
  10 bats
  6 frilled lizards
  6 kobolds
  5 rats
77 creatures vanquished.

Vanquished Creatures (others)
  63 foxfires
  7 withered plants (Ossuary)
70 creatures vanquished.

Grand Total: 147 creatures vanquished

Notes
Turn   | Place    | Note
-------+----------+-------------------------------------------
     0 | D:1      | Smoke131 the Draconian Fire Elementalist began the quest
                  | for the Orb.
     0 | D:1      | Reached XP level 1. HP: 14/14 MP: 3/3
   150 | D:1      | Reached XP level 2. HP: 15/20 MP: 0/5
   153 | D:1      | Learned a level 2 spell: Scorch
   230 | D:1      | Found a faded altar of an unknown god.
  1043 | D:1      | Reached XP level 3. HP: 26/26 MP: 6/6
  1349 | D:2      | Noticed Sigmund
  1354 | D:2      | Learned a level 3 spell: Conjure Flame
  1357 | D:2      | Killed Sigmund
  1358 | D:2      | Reached skill level 4 in Fire Magic
  1358 | D:2      | Reached XP level 4. HP: 33/33 MP: 0/8
  1358 | D:2      | Reached XP level 5. HP: 38/38 MP: 0/9
  1492 | D:2      | Found a shimmering altar of Xom.
  2525 | D:3      | Noticed Jessica
  2530 | D:3      | Killed Jessica
  2531 | D:3      | Reached XP level 6. HP: 45/45 MP: 5/10
  2575 | D:3      | Found a shimmering blue altar of Sif Muna.
  3253 | D:4      | Found a sand-covered staircase.
  3258 | Ossuary  | Entered an ossuary
  3327 | Ossuary  | HP: 2/45 [hornet zombie (5)]
  3331 | Ossuary  | Slain by a mummy

Illustrated notes

Levels and vault maps discovered:
D:1:      minmay_arrival_stair_chambers, layout_rooms,
          hellmonk_ecumenical_altar_crossroads, chequers_jeans
D:2:      layout_basic, basic_altar, kennysheep_doodads, grunt_decor_arrowhead,
          uniq_sigmund
D:3:      layout_rooms, tgw_sif
D:4:      layout_rooms, overflow_temple_1_default, tgw_kikubaaqudgha,
          temple_statues, enter_ossuary_5, kennysheep_generic_room_11
Ossuary:  ossuary_zaba_flooded

Skill      XL: |  1  2  3  4  5 |
---------------+----------------+-----
Dodging        | 2 3 |  3.5
Spellcasting   | 3 |  3.7
Conjurations   | 2 3 |  3.5
Fire Magic     | 4 |  4.6
Stealth        | |  1.7

Action                   |  1- 3 |  4- 6 || total
-------------------------+-------+-------++-------
Melee: Unarmed           |    57 |       ||    57
       Tailslap          |    19 |     7 ||    26
       Punch             |     1 |     1 ||     2
       Staff             |    29 |    92 ||   121
       Dagger            |     5 |       ||     5
 Cast: Foxfire           |    28 |    11 ||    39
       Scorch            |     3 |    31 ||    34
       Conjure Flame     |       |     1 ||     1
  Use: Scroll            |       |    11 ||    11
       Potion            |       |     4 ||     4
 Stab: Sleeping          |     2 |     2 ||     4
Armor: Skin              |    30 |    72 ||   102
Dodge: Dodged            |    75 |   110 ||   185
